 Dungeon Crawl Stone Soup version 0.31-a0-1529-g7bd419a0e5 (webtiles) character file.

Game seed: 2191208470962261834

264 wildpjah the Slasher (level 5, -6/40 HPs)
             Began as a Demonspawn Gladiator on Dec 31, 2023.
             Was a Follower of Okawaru.
             Mangled by Edmund
             ... wielding a +0 dire flail of protection
              (13 damage)
             ... on level 4 of the Dungeon.
             The game lasted 00:04:29 (2334 turns).

wildpjah the Slasher (Demonspawn Gladiator)         Turns: 2334, Time: 00:04:29

Health: -6/40      AC: 14    Str: 14    XL:     5   Next: 98%
Magic:  5/5        EV:  6    Int: 12    God:    Okawaru [*.....]
Gold:   172        SH: 14    Dex: 21    Spells: 4/4 levels left

rFire   . . .        a - +0 long sword
rCold   . . .        u - +0 tower shield
rNeg    . . .        q - +0 scale mail
rPois   .            c - +0 helmet
rElec   .            (no cloak)
rCorr   .            g - +0 pair of gloves
SInv    .            (no boots)
Will    .....        (no amulet) Stlth
                     o - +6 ring of dexterity
HPRegen 0.26/turn    (no ring)
MPRegen 0.09/turn

%: no passive effects
@: sanguine armoured, attractive
A: powered by death 2, sanguine armour 1, clever 1, no potion heal 1
a: Renounce Religion, Heroism


You were on level 4 of the Dungeon.
You worshipped Okawaru.
Okawaru was aware of your devotion.
You visited 1 branch of the dungeon, and saw 4 of its levels.

You collected 172 gold pieces.

Inventory:

Hand Weapons
 a - a +0 long sword (weapon)
Missiles
 d - 3 throwing nets
 e - a javelin
Armour
 b - a +0 leather armour
 c - a +0 helmet (worn)
 g - a +0 pair of gloves (worn)
 q - a +0 scale mail (worn)
 u - a +0 tower shield (worn)
Jewellery
 o - a +6 ring of dexterity (left hand)
 w - a ring of protection from cold
Wands
 f - a wand of paralysis (1) (quivered)
 s - a wand of iceblast (12)
Scrolls
 h - a scroll of summoning
 l - a scroll of enchant weapon {unknown}
 r - a scroll of enchant armour {unknown}
 v - a scroll of poison {unknown}
Potions
 p - a potion of ambrosia


   Skills:
 + Level 2.8 Fighting
 + Level 4.1 Long Blades
 + Level 1.9 Throwing
 + Level 2.1 Armour
 + Level 3.5 Dodging
 + Level 0.2 Stealth
 + Level 1.6 Shields


You had 4 spell levels left.
You didn't know any spells.
Your spell library contained the following spells:

 Spells                   Type           Power      Damage    Failure   Level
 Kiss of Death            Conj/Necr      0%         2d5       100%        1
 Magic Dart               Conj           0%         1d3       100%        1
 Blink                    Tloc           0%         N/A       100%        2
 Confusing Touch          Hex            0%         N/A       100%        3
 Dispel Undead            Necr           0%         3d6       100%        4
 Call Imp                 Summ           Unusable   N/A       N/A         2

Dungeon Overview and Level Annotations

Branches:
Dungeon (4/15)
 Temple: D:4-7

Altars:
Gozag
Okawaru
Ru
Sif Muna

Shops:
D:2 *

Annotations:
D:4 Edmund


Innate Abilities, Weirdness & Mutations

You regenerate health from kills.
When seriously injured, your blood forms armour. (AC +6)
Your mind is acute. (Int +4, Str/Dex -1)
Potions are less effective at restoring your health.


Message History

The scorpion is almost dead.
You block the scorpion's attack. Something hits you but does no damage.
The scorpion stings you.
You hear some strange, mumbled words.
A magic dart appears from out of thin air!
The magic dart hits you.
* * * LOW HITPOINT WARNING * * *
You hit the scorpion but do no damage.
The scorpion is almost dead.
You block the scorpion's attack. Something hits you but does no damage.
You block the scorpion's attack. Something hits you but does no damage.
You slash the scorpion!
You kill the scorpion!
Okawaru accepts your kill.
You can now gain great but temporary skills.
Something hits you but does no damage.
Edmund hits you with a +0 dire flail of protection.
* * * LOW HITPOINT WARNING * * *
Your Armour skill increases to level 2!
As you read the scroll labelled VYRRAUGOUDD, it crumbles to dust.
You feel a surge of unholy energy.
Edmund convulses!
Something is bathed in an unholy light! x2; The orc priest convulses!
The orc convulses!
It was a scroll of torment.
You block something's attack.
Edmund hits you with a +0 dire flail of protection.
* * * LOW HITPOINT WARNING * * *
As you read the scroll labelled UMEOTAQ YLULI, it crumbles to dust.
It is a scroll of amnesia.
You feel forgetful for a moment.
You feel less wooden.
Your +0 helmet unmelds from your body.
Your +0 pair of gloves unmelds from your body.
Your +0 scale mail unmelds from your body.
Your blood congeals into armour.
Something hits you but does no damage. Edmund barely misses you.
You barely miss Edmund.
Edmund is severely wounded.
You block something's attack.
Edmund hits you with a +0 dire flail of protection!
You die...
Edmund says, "That'll show my brother!"

#.###########
#.#.........#
#####.#.#######.########
..##....# #.........#
#.#.....# #..######.#
#>##....# #..#
###.###.#.# #..####
......#.#.# #.{...#
###.#.....# #@###.#
...<###+### #@# .# #####
##{###.###...
#.oo.).o.o.#
#.#.##..#### #..........
..............
###....[.[##.##
#.#....... #


You could see Edmund, an orc priest and an orc.

Vanquished Creatures
  2 scorpions
  Jessica (D:2)
  An iguana (D:3)
  An adder (D:3)
  3 dart slugs
  2 ribbon worms (D:3)
  3 orcs
  7 ball pythons
  3 bats
  4 endoplasms
  3 giant cockroaches
  7 goblins
  9 hobgoblins
  3 jackals
  A quokka (D:3)
  2 frilled lizards
  7 kobolds
  4 rats
63 creatures vanquished.

Notes
Turn   | Place    | Note
-------+----------+-------------------------------------------
     0 | D:1      | wildpjah the Demonspawn Gladiator began the quest for the
                  | Orb.
     0 | D:1      | Reached XP level 1. HP: 16/16 MP: 1/1
   197 | D:1      | Gained mutation: You regenerate a little health from kills.
                  | [demonic ancestry]
   197 | D:1      | Reached XP level 2. HP: 19/22 MP: 2/2
   423 | D:1      | Reached skill level 3 in Long Blades
   779 | D:2      | Noticed Jessica
   786 | D:2      | Killed Jessica
   787 | D:2      | Reached skill level 1 in Armour
   787 | D:2      | Reached XP level 3. HP: 12/27 MP: 3/3
   939 | D:2      | Found Anonlec's General Store.
  1037 | D:2      | Gained mutation: You regenerate health from kills. [demonic
                  | ancestry]
  1037 | D:2      | Reached XP level 4. HP: 33/33 MP: 4/4
  1478 | D:3      | Found an iron altar of Okawaru.
  1487 | D:3      | Became a worshipper of Warmaster Okawaru
  1731 | D:3      | Paralysed by a kobold for 5 turns
  1737 | D:3      | Paralysed by a kobold for 5 turns
  1962 | D:3      | Noticed a scorpion
  1969 | D:3      | Killed a scorpion
  1970 | D:3      | Reached skill level 4 in Long Blades
  1970 | D:3      | Reached skill level 1 in Shields
  1970 | D:3      | Gained mutation: When seriously injured, your blood forms
                  | armour. (AC +6) [demonic ancestry]
  1970 | D:3      | Reached XP level 5. HP: 38/39 MP: 5/5
  2216 | D:3      | Found a shimmering blue altar of Sif Muna.
  2219 | D:3      | Found a sacrificial altar of Ru.
  2224 | D:3      | Found an opulent altar of Gozag.
  2298 | D:4      | Noticed Edmund
  2323 | D:4      | Gained mutation: Potions are less effective at restoring
                  | your health. [potion of mutation]
  2323 | D:4      | Gained mutation: Your mind is acute. (Int +4, Str/Dex -1)
                  | [potion of mutation]
  2331 | D:4      | Reached * piety under Okawaru
  2334 | D:4      | Mangled by Edmund

Illustrated notes

Levels and vault maps discovered:
D:1:      matt_arrival_spirals, layout_basic
D:2:      layout_loops_cross, serial_shops, shop, basic_altar, uniq_jessica
D:3:      layout_loops_ring, okawaru_gym_becter, grunt_temple_overflow_diamond,
          item_on_display_a
D:4:      layout_loops_corners, amcnicky_altar_gilded, minivault_27,
          uniq_edmund, uniq_pikel

Skill      XL: |  1  2  3  4  5 |
---------------+----------------+-----
Dodging        | 3 |  3.5
Long Blades    | 3 4 |  4.1
Armour         | 1 2 |  2.1
Shields        | 1 |  1.6
Fighting       | |  2.8
Throwing       | |  1.9
Stealth        | |  0.2

Action                     |  1- 3 |  4- 6 || total
---------------------------+-------+-------++-------
  Melee: Long sword        |    84 |   117 ||   201
         Punch             |     1 |     1 ||     2
    Use: Scroll            |       |     3 ||     3
         Potion            |       |     6 ||     6
 Armour: Leather armour    |    51 |     1 ||    52
         Scale mail        |       |    88 ||    88
         Skin              |       |    32 ||    32
  Dodge: Dodged            |    64 |    42 ||   106
  Block: Tower shield      |       |    72 ||    72

Table legend: (Time is in decaauts)
 A = Elapsed time spent in this place.
 B = Non-inter-level travel time spent in this place.
 C = Inter-level travel time spent in this place.
 D = Time resting spent in this place.
 E = Time spent auto-exploring this place.
 F = Levels seen in this place.
 G = Mean time per level.
                   A        B        C        D        E       F      G
               +--------+--------+--------+--------+--------+-----+--------+
         Total |   2406 |   2336 |     70 |      0 |   1761 |   4 |  601.5 |
       Dungeon |   2406 |   2336 |     70 |      0 |   1761 |   4 |  601.5 |
               +--------+--------+--------+--------+--------+-----+--------+

Top non-repeatable levels by time:
     D:3: 878 daAuts
     D:1: 822 daAuts
     D:2: 624 daAuts
     D:4: 80 daAuts
